[Event "December 5 Early 2023"]
[Site "https://www.chess.com"]
[Date "2023.12.05"]
[Round "5"]
[White "Tao, Sihan"]
[Black "IranianCheetah"]
[Result "1-0"]
[Board "166"]
[TimeControl "180+1"]
[WhiteFideId "30982677"]
[WhiteElo "2528"]
[BlackElo "2327"]
[WhiteTeam "USA"]
[WhiteClock "0:01:44"]
[BlackClock "0:00:00"]

1. e4 e5 2. Nf3 Nc6 3. Bb5 a6 4. Ba4 Nf6 5. O-O Be7 6. Bxc6 dxc6 7. Re1 Bg4 8. h3 Bh5 9. d3 Bc5 10. Be3 Bxe3 11. Rxe3 Qe7 12. Qd2 O-O 13. Qc3 Nd7 14. Nbd2 f6 15. Nf1 Bxf3 16. Rxf3 Nc5 17. Nd2 Ne6 18. Re3 Kh8 19. Nf3 c5 20. Ree1 b5 21. a4 c6 22. axb5 cxb5 23. Ra5 Qd6 24. Rea1 Nc7 25. Nd2 f5 26. exf5 Rxf5 27. Ne4 Qg6 28. Qxc5 Ne6 29. Qc6 Raf8 30. Rxa6 Nf4 31. Qxg6 hxg6 32. Ra8 Kh7 33. Rxf8 Rxf8 34. Ra5 Rc8 35. Rxb5 Rxc2 36. Rxe5 Nxd3 37. Re7 Rxb2 38. f3 Rb1+ 39. Kh2 Kh6 40. Re8 g5 41. Re6+ g6 42. Re8 Nf4 43. Rf8 Rb2 44. h4 Rxg2+ 45. Kh1 Ra2 46. hxg5+ Kg7 47. Rxf4 Rb2 48. Kg1 Ra2 49. Nf2 Ra5 50. Rg4 Ra4 51. Rxa4 1-0

[Event "December 5 Early 2023"]
[Site "https://www.chess.com"]
[Date "2023.12.05"]
[Round "5"]
[White "titledsquirrel2007"]
[Black "Grutter, Tim"]
[Result "1-0"]
[Board "167"]
[TimeControl "180+1"]
[BlackFideId "1057472"]
[WhiteElo "2319"]
[BlackElo "2526"]
[BlackTeam "NED"]
[WhiteClock "0:01:19"]
[BlackClock "0:00:00"]

1. Nf3 g6 2. d4 Bg7 3. g3 d6 4. Bg2 h5 5. h4 Bg4 6. c4 Nc6 7. Nc3 Qc8 8. d5 Ne5 9. Nxe5 Bxe5 10. Qc2 Nf6 11. f4 Bd4 12. e3 Bb6 13. Na4 Ba5+ 14. Bd2 Bf5 15. e4 Bxd2+ 16. Kxd2 Bd7 17. Rae1 Ng4 18. Nc3 O-O 19. e5 Bf5 20. Be4 Bxe4 21. Nxe4 dxe5 22. Ng5 exf4 23. Rxe7 fxg3 24. Nxf7 Qf5 25. Qxf5 gxf5 26. Ng5 Rae8 27. Rxc7 f4 28. Ne6 g2 29. Rg1 f3 30. Rg7+ Kh8 31. Rg5 f2 32. Rxh5+ Kg8 33. Rxg2 f1=Q 34. Rxg4+ Kf7 35. Rf4+ Qxf4+ 36. Nxf4 Kf6 37. Ne6 Rh8 38. Rxh8 Rxh8 39. Nc5 b6 40. Ne4+ Ke5 41. Ng5 Kf5 42. Nf7 1-0

[Event "December 5 Early 2023"]
[Site "https://www.chess.com"]
[Date "2023.12.05"]
[Round "5"]
[White "Khamdamova, Afruza"]
[Black "Gutkin, Ilya"]
[Result "1-0"]
[Board "168"]
[TimeControl "180+1"]
[WhiteFideId "14210444"]
[BlackFideId "16203470"]
[WhiteElo "2525"]
[BlackElo "2318"]
[WhiteTeam "UZB"]
[BlackTeam "GER"]
[WhiteClock "0:00:04"]
[BlackClock "0:00:00"]

1. e4 e5 2. Nf3 Nc6 3. Bb5 Nf6 4. d3 Bc5 5. O-O d6 6. c3 O-O 7. Nbd2 Bg4 8. h3 Bh5 9. Re1 a6 10. Ba4 b5 11. Bc2 Re8 12. Nf1 d5 13. Ng3 dxe4 14. Nxh5 exf3 15. Qxf3 Nxh5 16. Qxh5 g6 17. Qf3 Qd7 18. Bb3 Rad8 19. Bg5 Rc8 20. Rad1 Na5 21. Bc2 Bf8 22. b4 Nc6 23. Bb3 Nd8 24. d4 exd4 25. Rxe8 Qxe8 26. Rxd4 Ne6 27. Rd5 Nxg5 28. Rxg5 Rd8 29. g3 Bg7 30. Kg2 Qe7 31. Rg4 Rd7 32. Re4 Qf8 33. Qe3 Rd8 34. Re7 Bh6 35. Qe4 Qg7 36. Rxf7 Qxc3 37. Re7+ Kh8 38. Qe6 1-0

[Event "December 5 Early 2023"]
[Site "https://www.chess.com"]
[Date "2023.12.05"]
[Round "5"]
[White "Korol, Dimitry"]
[Black "Chylewski, Patryk"]
[Result "0-1"]
[Board "169"]
[TimeControl "180+1"]
[WhiteFideId "14108003"]
[BlackFideId "1186191"]
[WhiteElo "2312"]
[BlackElo "2524"]
[WhiteTeam "UKR"]
[BlackTeam "POL"]
[WhiteClock "0:00:00"]
[BlackClock "0:00:46"]

1. d4 f5 2. c4 Nf6 3. Nf3 e6 4. g3 Bb4+ 5. Bd2 Be7 6. Nc3 O-O 7. Bg2 d6 8. O-O Qe8 9. Re1 Qg6 10. Qc2 Nc6 11. d5 exd5 12. Nxd5 Bd8 13. Bc3 Ne4 14. b4 Bd7 15. Bb2 Qf7 16. b5 Ne7 17. Nd2 Nxd5 18. cxd5 Nxd2 19. Qxd2 Bxb5 20. Qb4 Ba6 21. Rac1 f4 22. Bf3 b6 23. a4 Bc8 24. Qd4 Bf6 25. Qd2 Bd8 26. Rc2 Bf5 27. Rc4 fxg3 28. hxg3 Qg6 29. Rec1 Bd7 30. Kg2 Bg5 31. e3 Bd8 32. Be4 Qf7 33. f4 Bf5 34. Qd3 Bxe4+ 35. Rxe4 Rc8 36. Re6 Bf6 37. Bxf6 gxf6 38. f5 Kh8 39. Rh1 Rg8 40. Qd4 Rcf8 41. Rh3 Qg7 42. Qe4 Rf7 43. Qd4 Rgf8 44. Qc3 Qg5 45. Qd4 Qxf5 46. Rh4 Qc2+ 0-1

[Event "December 5 Early 2023"]
[Site "https://www.chess.com"]
[Date "2023.12.05"]
[Round "5"]
[White "Derjabin, Ilja"]
[Black "Skibbe, Willi"]
[Result "1-0"]
[Board "170"]
[TimeControl "180+1"]
[WhiteFideId "14104768"]
[BlackFideId "4682190"]
[WhiteElo "2515"]
[BlackElo "2309"]
[WhiteTeam "UKR"]
[BlackTeam "GER"]
[WhiteClock "0:00:01"]
[BlackClock "0:00:00"]

1. d4 d5 2. c4 e6 3. Nc3 Nf6 4. cxd5 exd5 5. Bg5 Be7 6. e3 h6 7. Bh4 O-O 8. Bd3 Re8 9. Qc2 c6 10. Nge2 Nbd7 11. O-O Nb6 12. Rae1 Nh5 13. Bxe7 Qxe7 14. h3 Bd7 15. b3 Nc8 16. g4 Nf6 17. Ng3 Nd6 18. f3 Nb5 19. Nd1 Qd6 20. Qg2 Qb4 21. Qf2 a5 22. h4 a4 23. g5 hxg5 24. hxg5 Nh7 25. bxa4 Rxa4 26. Bxh7+ Kxh7 27. Qh2+ Kg8 28. Kg2 Rxa2+ 29. Nf2 Nxd4 30. Rh1 Kf8 31. Qh8+ Ke7 32. exd4+ Kd8 33. Rxe8+ Bxe8 34. Qxg7 Qd2 35. Rf1 Kc7 36. Qe5+ Kd8 37. Nf5 Bd7 38. Qb8+ Bc8 39. Qd6+ Bd7 40. Nh6 Qxg5+ 41. Ng4 Kc8 42. Rh1 Qg7 43. Rh4 f5 44. Qe5 1-0

[Event "December 5 Early 2023"]
[Site "https://www.chess.com"]
[Date "2023.12.05"]
[Round "5"]
[White "Shapiro, Daniel"]
[Black "Masague Artero, Guerau"]
[Result "0-1"]
[Board "171"]
[TimeControl "180+1"]
[WhiteFideId "2001780"]
[BlackFideId "32098952"]
[WhiteElo "2307"]
[BlackElo "2512"]
[WhiteTeam "USA"]
[BlackTeam "ESP"]
[WhiteClock "0:00:00"]
[BlackClock "0:00:20"]

1. d4 Nf6 2. c4 d6 3. Nc3 Nbd7 4. e4 e5 5. Nf3 c6 6. Be2 Be7 7. O-O O-O 8. Be3 a6 9. h3 Re8 10. Qc2 Bf8 11. Rfd1 b5 12. a3 Bb7 13. b4 exd4 14. Nxd4 c5 15. bxc5 dxc5 16. Nb3 b4 17. Nd5 Nxe4 18. Bd3 Bxd5 19. cxd5 Ndf6 20. Nxc5 Nxc5 21. Bxc5 b3 22. Qxb3 Bxc5 23. Rac1 Qd6 24. a4 g6 25. Rc2 Kg7 26. Bf1 Rac8 27. Rdc1 Rc7 28. g3 h5 29. Qf3 Re5 30. Bc4 Rf5 31. Qd3 h4 32. Kg2 hxg3 33. fxg3 Nh5 34. Bxa6 Rxd5 35. Qf3 Rd2+ 0-1

[Event "December 5 Early 2023"]
[Site "https://www.chess.com"]
[Date "2023.12.05"]
[Round "5"]
[White "Franchini, Gabriele"]
[Black "Gutierrez Olivares, Daniel"]
[Result "0-1"]
[Board "172"]
[TimeControl "180+1"]
[WhiteFideId "806790"]
[BlackFideId "2264005"]
[WhiteElo "2306"]
[BlackElo "2509"]
[WhiteTeam "ITA"]
[BlackTeam "ESP"]
[WhiteClock "0:00:00"]
[BlackClock "0:00:03"]

1. e4 e6 2. d4 d5 3. Bd3 Nc6 4. c3 e5 5. Nf3 Bg4 6. Qa4 Bxf3 7. gxf3 exd4 8. Ba6 Qc8 9. exd5 bxa6 10. Qxc6+ Kd8 11. Bf4 Rb8 12. Nd2 Rb6 13. Qc4 dxc3 14. bxc3 Nf6 15. O-O Bd6 16. Bxd6 Rxd6 17. Rfe1 Qf5 18. Rab1 Rb6 19. Rxb6 axb6 20. Ne4 Qxd5 21. Qxd5+ Nxd5 22. Rd1 c6 23. c4 Kc7 24. cxd5 c5 25. Ng5 f6 26. Ne6+ Kd6 27. Kf1 g6 28. Nf4 Re8 29. Re1 Re5 30. Rxe5 fxe5 31. Nh3 Kxd5 32. Ke2 h6 33. Kd2 b5 34. Kc3 a5 35. Ng1 b4+ 36. Kc2 e4 37. fxe4+ Kxe4 38. Nh3 Kf3 39. Kb3 g5 0-1

[Event "December 5 Early 2023"]
[Site "https://www.chess.com"]
[Date "2023.12.05"]
[Round "5"]
[White "Nissinen, Niilo Man"]
[Black "Kurmangaliyeva, Liya"]
[Result "0-1"]
[Board "173"]
[TimeControl "180+1"]
[WhiteFideId "30950767"]
[BlackFideId "13725831"]
[WhiteElo "2304"]
[BlackElo "2503"]
[WhiteTeam "HKG"]
[BlackTeam "KAZ"]
[WhiteClock "0:00:00"]
[BlackClock "0:00:19"]

1. e4 c5 2. Nf3 e6 3. d4 cxd4 4. Nxd4 a6 5. c4 Nc6 6. Nc3 Qc7 7. Be2 Nf6 8. O-O Bb4 9. Qd3 O-O 10. Bg5 b6 11. Bxf6 gxf6 12. Nc2 Bc5 13. Kh1 Bb7 14. f4 Kh8 15. Qh3 Rg8 16. Bd3 Rg7 17. f5 Be7 18. Ne3 Rag8 19. Rae1 Ne5 20. Be2 Qc5 21. Bh5 Nxc4 22. Nxc4 Qxc4 23. Rf4 Qc7 24. Rh4 exf5 25. Qxf5 Qe5 26. Qf3 f5 0-1

[Event "December 5 Early 2023"]
[Site "https://www.chess.com"]
[Date "2023.12.05"]
[Round "5"]
[White "Lopez Del Alamo, Antonio"]
[Black "Budrewicz, Krzysztof"]
[Result "0-1"]
[Board "174"]
[TimeControl "180+1"]
[WhiteFideId "2227339"]
[BlackFideId "1127950"]
[WhiteElo "2302"]
[BlackElo "2500"]
[WhiteTeam "ESP"]
[BlackTeam "POL"]
[WhiteClock "0:01:19"]
[BlackClock "0:01:47"]

1. e4 g6 2. d4 Bg7 3. Nc3 c5 4. Nf3 Qa5 5. Be2 Nc6 6. d5 Nd4 7. Bd2 Nxf3+ 8. Bxf3 d6 9. O-O Nf6 10. a4 a6 11. Qe2 Nd7 12. g3 O-O 13. Bg2 Ne5 14. h3 Qb4 15. Rab1 Nc4 16. Be1 b5 17. Nxb5 Qxa4 18. Nc7 Ra7 19. b3 Qd7 20. Qxc4 Qxc7 21. Ra1 Bxa1 0-1

[Event "December 5 Early 2023"]
[Site "https://www.chess.com"]
[Date "2023.12.05"]
[Round "5"]
[White "Tikhonov, Viacheslav"]
[Black "Rose, Felix"]
[Result "1-0"]
[Board "175"]
[TimeControl "180+1"]
[WhiteFideId "44196407"]
[BlackFideId "5105722"]
[WhiteElo "2487"]
[BlackElo "2303"]
[WhiteTeam "RUS"]
[BlackTeam "MEX"]
[WhiteClock "0:00:06"]
[BlackClock "0:00:37"]

1. e4 c6 2. d4 d5 3. Nc3 dxe4 4. Nxe4 Nf6 5. Nxf6+ exf6 6. Bc4 Bd6 7. Qe2+ Qe7 8. Qxe7+ Kxe7 9. Ne2 Be6 10. Bd3 Nd7 11. Bd2 Rhe8 12. b3 h6 13. O-O-O a5 14. a4 Kf8 15. Kb2 Bd5 16. f3 c5 17. Nc3 Nb6 18. Bb5 Red8 19. Nxd5 Nxd5 20. c4 Nf4 21. Bxf4 Bxf4 22. dxc5 Rxd1 23. Rxd1 Rc8 24. Rd7 Bxh2 25. Rxb7 Rxc5 26. Ra7 Bc7 27. Kc3 g5 28. Kd4 Bb6 29. Rb7 Rc6+ 30. Kd3 Rd6+ 31. Kc3 Bd4+ 32. Kc2 Be3 33. Rc7 Rd2+ 34. Kc3 Rxg2 35. c5 Bd2+ 36. Kc4 Bb4 37. Kd5 Rd2+ 38. Kc6 h5 39. Bc4 h4 40. Rxf7+ Ke8 41. Rxf6 h3 42. Rh6 h2 43. Kb6 Rf2 44. c6 Rxf3 45. c7 Rf6+ 46. Rxf6 h1=Q 47. c8=Q+ Ke7 48. Re6+ Kf7 49. Qe8+ Kg7 50. Rg6+ Kh7 51. Qg8# 1-0

[Event "December 5 Early 2023"]
[Site "https://www.chess.com"]
[Date "2023.12.05"]
[Round "5"]
[White "Iljin, Timofey"]
[Black "Mejia, Cherry Ann"]
[Result "1-0"]
[Board "176"]
[TimeControl "180+1"]
[WhiteFideId "14110180"]
[BlackFideId "5206880"]
[WhiteElo "2465"]
[BlackElo "2301"]
[WhiteTeam "UKR"]
[BlackTeam "PHI"]
[WhiteClock "0:00:55"]
[BlackClock "0:00:23"]

1. e4 c5 2. c3 Nf6 3. e5 Nd5 4. d4 cxd4 5. Nf3 Nc6 6. cxd4 d6 7. Bc4 dxe5 8. dxe5 Nb6 9. Qxd8+ Nxd8 10. Bb3 e6 11. O-O Be7 12. Nc3 O-O 13. Be3 Nd7 14. Rfd1 Nc6 15. Nb5 a6 16. Nc7 Rb8 17. Nxe6 Re8 18. Nc7 Rd8 19. e6 fxe6 20. Nxe6 Na5 21. Nxd8+ Nxb3 22. axb3 Bxd8 23. Ne5 Nxe5 24. Rxd8+ Kf7 25. Bf4 Nc6 26. Rh8 Ra8 27. Re1 Ne7 28. Bg5 Nf5 29. Ree8 Nd6 30. Rd8 Ke6 31. Bf4 1-0

[Event "December 5 Early 2023"]
[Site "https://www.chess.com"]
[Date "2023.12.05"]
[Round "5"]
[White "Sarkar, Justin"]
[Black "Fernandez Lopez, Ruben"]
[Result "1-0"]
[Board "179"]
[TimeControl "180+1"]
[WhiteFideId "2010011"]
[BlackFideId "24518298"]
[WhiteElo "2287"]
[BlackElo "2443"]
[WhiteTeam "USA"]
[BlackTeam "ESP"]
[WhiteClock "0:00:26"]
[BlackClock "0:01:58"]

1. d4 Nf6 2. c4 c5 3. d5 e6 4. Nc3 exd5 5. cxd5 d6 6. Nf3 g6 7. Nd2 Bg7 8. e4 O-O 9. Be2 Re8 10. O-O Nbd7 11. Re1 a6 12. a4 Qc7 13. Bf1 Nb6 14. a5 Nbd7 15. Nc4 b5 16. axb6 Nxb6 17. Na5 Bd7 18. h3 h5 19. Bf4 Bc8 20. e5 dxe5 21. d6 Qd8 22. Bxe5 Nfd7 23. Nc6 Qg5 24. Ne7+ Rxe7 25. dxe7 Nxe5 26. e8=Q+ Kh7 27. Ne4 Qf4 28. Qe7 Be6 29. Ng5+ Kh6 30. Nxe6 fxe6 31. Qxe6 Rf8 32. Qc1 1-0

[Event "December 5 Early 2023"]
[Site "https://www.chess.com"]
[Date "2023.12.05"]
[Round "5"]
[White "Berezin, Viktor"]
[Black "Fernandez Siles, Luis"]
[Result "0-1"]
[Board "180"]
[TimeControl "180+1"]
[WhiteFideId "14107872"]
[BlackFideId "2209420"]
[WhiteElo "2437"]
[BlackElo "2286"]
[WhiteTeam "UKR"]
[BlackTeam "ESP"]
[WhiteClock "0:00:11"]
[BlackClock "0:00:52"]

1. d4 Nf6 2. Nf3 d6 3. g3 g6 4. Bg2 Bg7 5. O-O O-O 6. a4 a5 7. Nc3 Nbd7 8. e4 e5 9. h3 Re8 10. Re1 exd4 11. Nxd4 Nc5 12. Bf4 Ne6 13. Be3 Nxd4 14. Bxd4 c6 15. Kh2 Be6 16. f4 d5 17. e5 Nd7 18. Bf2 f6 19. exf6 Qxf6 20. Rb1 Bf5 21. Ne2 Be4 22. Bd4 Qf7 23. Bxg7 Qxg7 24. Nd4 Bxg2 25. Kxg2 Rxe1 26. Qxe1 Qxd4 27. Qe6+ Kh8 28. Qxd7 Qe4+ 29. Kg1 Re8 30. Rf1 Qd4+ 31. Rf2 Re2 32. Qc8+ Kg7 0-1

[Event "December 5 Early 2023"]
[Site "https://www.chess.com"]
[Date "2023.12.05"]
[Round "5"]
[White "Miszler, Levente"]
[Black "Llari, Marc"]
[Result "0-1"]
[Board "181"]
[TimeControl "180+1"]
[WhiteFideId "763276"]
[BlackFideId "651044269"]
[WhiteElo "2435"]
[BlackElo "2272"]
[WhiteTeam "HUN"]
[BlackTeam "FRA"]
[WhiteClock "0:01:00"]
[BlackClock "0:00:54"]

1. e4 e6 2. d4 d5 3. Nd2 c5 4. exd5 exd5 5. Ngf3 Nc6 6. Bb5 a6 7. Bxc6+ bxc6 8. Ne5 Qc7 9. O-O Bd6 10. Re1 Ne7 11. Ndf3 O-O 12. Bf4 cxd4 13. Nxd4 c5 14. Ndf3 d4 15. Qd3 Bf5 16. Qc4 Be6 17. Qa4 Nd5 18. Bg3 Rfb8 19. Nc4 Bxg3 20. hxg3 Rb4 21. Qa5 Rxc4 22. Qxc7 Nxc7 23. Rac1 Nd5 24. a3 Ra4 25. Ne5 Rb8 26. Ra1 Rxb2 27. Nd3 Rxc2 28. Rec1 Rxc1+ 29. Rxc1 c4 30. Nc5 Rxa3 31. Rxc4 Rc3 0-1

[Event "December 5 Early 2023"]
[Site "https://www.chess.com"]
[Date "2023.12.05"]
[Round "5"]
[White "Rodriguez Santiago, Jaime"]
[Black "Eilers, Stefan"]
[Result "0-1"]
[Board "182"]
[TimeControl "180+1"]
[WhiteFideId "3100898"]
[BlackFideId "4609565"]
[WhiteElo "2264"]
[BlackElo "2432"]
[WhiteTeam "PUR"]
[BlackTeam "GER"]
[WhiteClock "0:01:38"]
[BlackClock "0:01:16"]

1. d4 d5 2. c4 e6 3. Nc3 c5 4. cxd5 cxd4 5. Qa4+ Bd7 6. Qxd4 exd5 7. Nxd5 Nc6 8. Qd1 Be6 9. e4 Nf6 10. Nc3 Qxd1+ 11. Kxd1 O-O-O+ 12. Ke1 Nb4 13. Rb1 Nc2+ 14. Ke2 Bc4+ 15. Kf3 Bxf1 16. Nh3 Nd4+ 17. Kg3 Bd3 18. Bg5 Bxb1 19. Rxb1 Bd6+ 20. Bf4 Nh5+ 21. Kg4 Nxf4 22. Nxf4 Bxf4 23. Kxf4 Ne6+ 24. Ke3 Nc7 25. f3 Kb8 26. Rc1 Rhe8 27. Kf4 Ne6+ 28. Ke3 Rc8 29. Rd1 Red8 30. Rf1 Rc6 31. Rf2 Rcd6 32. Nd5 Nc7 33. Nc3 Rd3+ 34. Kf4 Rd2 0-1

[Event "December 5 Early 2023"]
[Site "https://www.chess.com"]
[Date "2023.12.05"]
[Round "5"]
[White "Topalov, Aleksandar"]
[Black "Vifleemskaia, Svetlana"]
[Result "1-0"]
[Board "183"]
[TimeControl "180+1"]
[WhiteFideId "925659"]
[BlackFideId "4129490"]
[WhiteElo "2430"]
[BlackElo "2261"]
[WhiteTeam "SRB"]
[BlackTeam "RUS"]
[WhiteClock "0:01:23"]
[BlackClock "0:00:14"]

1. b3 e5 2. Bb2 Nc6 3. e3 Nf6 4. Bb5 Bd6 5. Na3 a6 6. Bxc6 dxc6 7. Nc4 Qe7 8. Ne2 c5 9. O-O O-O 10. f4 exf4 11. Nxd6 cxd6 12. Rxf4 Nd5 13. Rf3 f6 14. Rg3 Bf5 15. a3 b5 16. Rc1 Qf7 17. Qf1 Ne7 18. Nf4 Kh8 19. Qf3 Ra7 20. e4 Bg6 21. d3 Nc6 22. h4 Ne5 23. Qe2 Qe8 24. h5 Bf7 25. Bxe5 fxe5 26. Qg4 Bg8 27. Ng6+ hxg6 28. hxg6 1-0

[Event "December 5 Early 2023"]
[Site "https://www.chess.com"]
[Date "2023.12.05"]
[Round "5"]
[White "Swicarz, Maciej"]
[Black "Clawitter, Craig"]
[Result "1-0"]
[Board "184"]
[TimeControl "180+1"]
[WhiteFideId "1113585"]
[BlackFideId "2023105"]
[WhiteElo "2430"]
[BlackElo "2256"]
[WhiteTeam "POL"]
[BlackTeam "USA"]
[WhiteClock "0:00:45"]
[BlackClock "0:00:08"]

1. e4 e6 2. d4 d5 3. e5 c5 4. Qg4 Nc6 5. Nf3 cxd4 6. Bd3 Qc7 7. Qg3 f6 8. exf6 Qxg3 9. f7+ Kxf7 10. hxg3 Nf6 11. Bb5 Bd7 12. Bxc6 bxc6 13. Nxd4 e5 14. Nf3 Bd6 15. b3 e4 16. Ng5+ Kg6 17. Nh3 Be5 18. Nf4+ Kf7 19. c3 a5 20. Be3 a4 21. b4 Ng4 22. Bd4 Bxd4 23. cxd4 e3 24. fxe3 Nxe3 25. Kd2 Nc4+ 26. Kc3 Rae8 27. Rf1 Re3+ 28. Nd3+ Kg6 29. Nd2 Bf5 30. Rxf5 Kxf5 31. Nxc4 dxc4 32. Kxc4 Ke4 33. Ne5 Rd8 34. Nxc6 Rc8 35. b5 Rxg3 36. Re1+ Kf5 37. Kd5 Rxg2 38. Ne7+ 1-0

[Event "December 5 Early 2023"]
[Site "https://www.chess.com"]
[Date "2023.12.05"]
[Round "5"]
[White "Hon, Eric"]
[Black "Begunov, Konstantin"]
[Result "1-0"]
[Board "185"]
[TimeControl "180+1"]
[WhiteFideId "2097117"]
[BlackFideId "4118510"]
[WhiteElo "2254"]
[BlackElo "2428"]
[WhiteTeam "USA"]
[BlackTeam "RUS"]
[WhiteClock "0:00:12"]
[BlackClock "0:00:00"]

1. e4 c5 2. Nf3 d6 3. d4 cxd4 4. Nxd4 Nf6 5. Nc3 a6 6. Be2 e5 7. Nb3 Be7 8. O-O O-O 9. Kh1 Be6 10. Bg5 Nbd7 11. Bf3 b5 12. Nd5 Bxd5 13. Bxf6 Bc4 14. Bxe7 Qxe7 15. Re1 Nb6 16. Nd2 Rac8 17. b3 Be6 18. Nf1 Rc3 19. Re3 Rfc8 20. Rxc3 Rxc3 21. Qd2 Qc7 22. Ne3 Qc5 23. Rd1 Nc8 24. h3 g6 25. Kh2 h5 26. Rc1 Qb4 27. Nd1 Rxb3 28. c3 Qa3 29. axb3 Bxb3 30. Ne3 Kg7 31. Re1 Ne7 32. Nd5 Bxd5 33. exd5 f5 34. g3 e4 35. Bg2 Ng8 36. Qd4+ Nf6 37. Kh1 a5 38. Rb1 b4 39. cxb4 a4 40. Qb2 Qd3 41. b5 a3 42. Qa1 Kf7 43. b6 Nd7 44. b7 Nb8 45. Rc1 Na6 46. Rc8 Qb3 47. b8=Q Nxb8 48. Rxb8 Qxb8 49. Qxa3 Qb1+ 50. Kh2 Qd3 51. Qxd6 Qe2 52. Qe6+ Kg7 53. d6 Qxf2 54. d7 f4 55. Qe5+ Kh7 56. Qxf4 Qd4 57. Qf7+ Kh6 58. Qf8+ Kh7 59. d8=Q Qe5 60. Qg8+ Kh6 61. Qh8+ 1-0

[Event "December 5 Early 2023"]
[Site "https://www.chess.com"]
[Date "2023.12.05"]
[Round "5"]
[White "Player, Edmund C"]
[Black "Kovalyov, Eduard"]
[Result "0-1"]
[Board "187"]
[TimeControl "180+1"]
[WhiteFideId "406520"]
[BlackFideId "14118033"]
[WhiteElo "2223"]
[BlackElo "2421"]
[WhiteTeam "ENG"]
[BlackTeam "UKR"]
[WhiteClock "0:00:00"]
[BlackClock "0:00:37"]

1. Nf3 Nf6 2. g3 g6 3. b3 Bg7 4. Bb2 O-O 5. Bg2 d6 6. d3 e5 7. Nbd2 Nbd7 8. e4 Ne8 9. O-O f5 10. exf5 gxf5 11. d4 e4 12. Ne1 d5 13. c4 c6 14. Nc2 f4 15. f3 e3 16. Nb1 Qg5 17. gxf4 Qxf4 18. Nc3 Nc7 19. Ne2 Qh6 20. Qd3 Re8 21. Bc1 Nf8 22. Bxe3 Qg6 23. Qxg6 Nxg6 24. Rae1 Bf5 25. Bf4 Nxf4 26. Nxf4 Bxc2 27. Nh5 Bxd4+ 28. Kh1 Bg6 29. Nf4 Bc3 30. Rxe8+ Rxe8 31. cxd5 Nxd5 32. Nxg6 hxg6 33. f4 Rf8 34. Rc1 Bd2 35. Rc2 Bxf4 36. Be4 Kg7 37. Rg2 g5 38. h4 Rh8 39. Kg1 Rxh4 40. Rc2 Kf6 41. Bg2 Rh7 42. Re2 Re7 43. Rc2 Ne3 44. Rc3 Nxg2 45. Kxg2 Re2+ 46. Kf3 Rxa2 47. Rc4 Ra3 48. Rb4 b5 49. Ke4 a5 0-1

[Event "December 5 Early 2023"]
[Site "https://www.chess.com"]
[Date "2023.12.05"]
[Round "5"]
[White "Chemin, Justo Reinaldo"]
[Black "Azar, Sebastien"]
[Result "0-1"]
[Board "188"]
[TimeControl "180+1"]
[WhiteFideId "2101580"]
[BlackFideId "2640198"]
[WhiteElo "2216"]
[BlackElo "2418"]
[WhiteTeam "BRA"]
[BlackTeam "CAN"]
[WhiteClock "0:00:01"]
[BlackClock "0:00:14"]

1. e4 c5 2. Nf3 d6 3. d4 cxd4 4. Nxd4 Nf6 5. Nc3 Nc6 6. Be3 Ng4 7. Bb5 Nxe3 8. Nxc6 Nxd1 9. Nxd8+ Kxd8 10. Rxd1 e6 11. O-O Kc7 12. Be2 a6 13. a4 b6 14. f4 Bb7 15. Bf3 Be7 16. e5 Bxf3 17. Rxf3 Rad8 18. Rfd3 dxe5 19. fxe5 Bc5+ 20. Kf1 Rxd3 21. Rxd3 Kc6 22. Ne4 Be7 23. Ke2 f5 24. exf6 gxf6 25. Rc3+ Kd7 26. Rb3 Kc7 27. Rc3+ Kd7 28. Rd3+ Ke8 29. Nd6+ Kf8 30. Nc4 b5 31. axb5 axb5 32. Nd6 Rg8 33. g3 Rg5 34. Ne4 Re5 35. Kf3 Rf5+ 36. Ke2 Rh5 37. h4 Re5 38. Kf3 f5 39. Nd6 Rc5 40. c3 Kg7 41. Nb7 Rc7 42. Na5 Kf6 43. Nb3 e5 44. Rd5 Rb7 45. Nc5 Rc7 46. Nb3 b4 47. cxb4 Bxb4 48. Rb5 e4+ 49. Ke3 Bd6 50. Rb6 Ke5 51. Rb5+ Kf6 52. Rb6 Ke7 53. Nd4 Rc5 54. Rb7+ Kf6 55. Rb6 Ke5 56. Nxf5 Kxf5 57. Rxd6 Rb5 58. Rd2 Rb3+ 59. Kf2 e3+ 60. Ke2 exd2 61. Kxd2 Rxb2+ 62. Ke3 Rg2 63. Kf3 Rb2 64. g4+ Kg6 65. Kf4 Rb3 66. h5+ Kg7 67. g5 Rb5 68. Kg4 h6 69. g6 Rg5+ 70. Kh4 Kf6 71. g7 Rxg7 0-1

[Event "December 5 Early 2023"]
[Site "https://www.chess.com"]
[Date "2023.12.05"]
[Round "5"]
[White "Michalski, Olaf"]
[Black "Skaric, Djuro"]
[Result "1-0"]
[Board "190"]
[TimeControl "180+1"]
[WhiteFideId "1106740"]
[BlackFideId "934569"]
[WhiteElo "2177"]
[BlackElo "2409"]
[WhiteTeam "POL"]
[BlackTeam "SRB"]
[WhiteClock "0:00:01"]
[BlackClock "0:00:46"]

1. d4 d6 2. c4 g6 3. Nc3 Bg7 4. e4 Nf6 5. Nf3 O-O 6. Be2 Nc6 7. d5 Ne5 8. Nxe5 dxe5 9. Be3 Ne8 10. c5 f5 11. f3 f4 12. Bf2 g5 13. g4 fxg3 14. hxg3 e6 15. g4 Bd7 16. Qd2 exd5 17. exd5 c6 18. O-O-O Qf6 19. Be3 h6 20. Ne4 Qf7 21. Bc4 Nc7 22. Nd6 Qe7 23. dxc6+ Be6 24. cxb7 Rab8 25. Nf5 Qf7 26. Bxe6 Qxe6 27. Nxg7 Qxa2 28. Nf5 Rxb7 29. Qc3 Qa1+ 30. Kc2 Qa4+ 31. Kb1 Rb3 32. Qxe5 Kf7 33. Nxh6+ Kg6 34. Qxg5+ Kh7 35. Nf5# 1-0

[Event "December 5 Early 2023"]
[Site "https://www.chess.com"]
[Date "2023.12.05"]
[Round "5"]
[White "Mushini Ajay"]
[Black "Pertinez Soria, Juan Luis"]
[Result "1-0"]
[Board "191"]
[TimeControl "180+1"]
[WhiteFideId "35066188"]
[BlackFideId "2225620"]
[WhiteElo "2407"]
[BlackElo "2162"]
[WhiteTeam "IND"]
[BlackTeam "ESP"]
[WhiteClock "0:01:26"]
[BlackClock "0:01:02"]

1. e4 e6 2. d4 d5 3. Nc3 Nf6 4. e5 Nfd7 5. f4 c5 6. Nf3 Nc6 7. Be3 a6 8. Qd2 b5 9. Be2 Bb7 10. dxc5 Bxc5 11. Bxc5 Nxc5 12. Bd3 Na4 13. Nxa4 bxa4 14. O-O Qb6+ 15. Kh1 O-O 16. Bxh7+ Kxh7 17. Ng5+ Kg8 18. Qd3 f5 19. exf6 Rxf6 20. Qh7+ Kf8 21. Qh8+ Ke7 22. Qxg7+ Kd6 23. Qxf6 Re8 24. Rae1 Bc8 25. Nxe6 Rxe6 26. Rxe6+ Bxe6 27. f5 a3 28. Qxe6+ Kc5 29. bxa3 Qb5 30. Re1 Nd4 31. Qe3 1-0

[Event "December 5 Early 2023"]
[Site "https://www.chess.com"]
[Date "2023.12.05"]
[Round "5"]
[White "Matthes, Aaron"]
[Black "Travadon, Loic"]
[Result "1-0"]
[Board "192"]
[TimeControl "180+1"]
[WhiteFideId "16227310"]
[BlackFideId "26092131"]
[WhiteElo "2406"]
[BlackElo "2161"]
[WhiteTeam "GER"]
[BlackTeam "FRA"]
[WhiteClock "0:01:18"]
[BlackClock "0:00:19"]

1. Nf3 d5 2. g3 e6 3. Bg2 Nf6 4. O-O b5 5. d4 Bb7 6. a4 c6 7. b3 Nbd7 8. Nbd2 Bd6 9. Bb2 O-O 10. Re1 Ne4 11. Nxe4 dxe4 12. Nd2 f5 13. c4 bxc4 14. Nxc4 Bc7 15. b4 Nb6 16. Na5 Qc8 17. Qb3 Nd5 18. Nc4 a5 19. b5 cxb5 20. axb5 Qd8 21. Ba3 Rf7 22. Rec1 Bb6 23. e3 a4 24. Qb2 Rc8 25. Nd6 Rxc1+ 26. Rxc1 Rd7 27. Nc4 Rf7 28. Bf1 g5 29. Ne5 Rc7 30. Bc4 Qc8 31. Bd6 Rg7 32. Bxd5 1-0

[Event "December 5 Early 2023"]
[Site "https://www.chess.com"]
[Date "2023.12.05"]
[Round "5"]
[White "Herman, Daniel"]
[Black "Ghosh, Chanchal Kumer"]
[Result "1-0"]
[Board "193"]
[TimeControl "180+1"]
[WhiteFideId "30935008"]
[BlackFideId "10201858"]
[WhiteElo "2400"]
[BlackElo "2067"]
[WhiteTeam "USA"]
[BlackTeam "BAN"]
[WhiteClock "0:00:29"]
[BlackClock "0:00:00"]

1. e4 c5 2. Nf3 d6 3. d4 cxd4 4. Nxd4 Nf6 5. Nc3 a6 6. h3 e5 7. Nde2 b5 8. g4 h6 9. Ng3 Be7 10. Bg2 O-O 11. Nf5 Bxf5 12. exf5 Ra7 13. h4 Nh7 14. g5 Nd7 15. gxh6 g6 16. fxg6 fxg6 17. Qg4 Qe8 18. h5 g5 19. Qe6+ Kh8 20. Nd5 Nc5 21. Qg6 Qf7 22. Be3 Rb7 23. O-O-O b4 24. Nxe7 Rxe7 25. Bd5 Qf5 26. Qxd6 Rc8 27. Qxe7 Na4 28. Bb3 1-0